 Dungeon Crawl Stone Soup version 0.18.1-50-g88ac8fd (webtiles) character file.

22 Nordron the Changer (level 2, -8/18 HPs)
             Began as an Octopode Transmuter on Oct 2, 2016.
             Mangled by Terence
             ... wielding a +0 flail
              (11 damage)
             ... on level 2 of the Dungeon.
             The game lasted 00:02:39 (708 turns).

Nordron the Changer (Octopode Transmuter)            Turns: 708, Time: 00:02:40

Health: -8/18      AC:  1    Str:  9    XL:     2   Next: 91%
Magic:  4/5        EV: 12    Int: 15    God:
Gold:   41         SH:  0    Dex: 12    Spells: 1 memorised, 4 levels left

rFire  . . .     SeeInvis .       - Unarmed
rCold  . . .     Gourm    .     (no shield)
rNeg   . . .     Faith    .     (helmet restricted)
rPois  .         Spirit   .     h - amulet of inaccuracy (curse)
rElec  .         Dismiss  .     (no ring)
rCorr  .         Reflect  .     (no ring)
SustAt .         Harm     .     (no ring)
MR     .....                    (no ring)
Stlth  ++........               (no ring)
                                (no ring)
                                (no ring)
                                (no ring)

@: appendage, not resistant to hostile enchantments, unstealthy
A: almost no armour, amphibious, 8 rings, constrict 8, tentacle spike 3,
camouflage 1, gelatinous body 1
a: End Transformation


You were on level 2 of the Dungeon.
You were not hungry.
One of your tentacles had a temporary spike.
You visited 1 branch of the dungeon, and saw 2 of its levels.

You collected 41 gold pieces.

Inventory:

Missiles
 a - 12 arrows
Jewellery
 h - a cursed amulet of inaccuracy (around mantle)
Scrolls
 e - a scroll of identify
Potions
 d - 2 potions of curing
 g - a potion of cure mutation {unknown}
Books
 b - a book of Changes

   Spells                             Type                      Level
   a - Beastly Appendage              Transmutation                1
   b - Sticks to Snakes               Transmutation                2
   c - Spider Form                    Transmutation/Poison         3
   d - Ice Form                       Ice/Transmutation            4
   e - Blade Hands                    Transmutation                5
Comestibles
 c - a bread ration


   Skills:
 - Level 1.0 Fighting
 - Level 2.0 Dodging
 - Level 3.0 Unarmed Combat
 - Level 2.0 Spellcasting
 * Level 3.3 Transmutations


You had 4 spell levels left.
You knew the following spells:

 Your Spells              Type           Power        Failure   Level  Hunger
a - Beastly Appendage     Trmt           ##....       8%          1    #......


Dungeon Overview and Level Annotations

Branches:
Dungeon (2/15)

Altars:

Annotations:
D:2 Terence


Innate Abilities, Weirdness & Mutations

You cannot wear most types of armour.
You are amphibious.
You can wear up to eight rings at the same time.
You can use your tentacles to constrict eight enemies at once.
Your skin changes colour to match your surroundings (Stealth).
Your rubbery body absorbs attacks (AC +1).
One of your tentacles bears a large vicious spike.


Message History

You barely miss Terence. You grab Terence.
You pierce Terence, but do no damage.
Terence is moderately wounded.
You constrict Terence.
You tentacle-slap Terence but do no damage.
Terence is moderately wounded.
You constrict Terence, but do no damage.
Terence hits you with a flail. The goblin hits you with a dagger.
You tentacle-slap Terence but do no damage.
Terence is moderately wounded.
You constrict Terence. Terence barely misses you.
The goblin hits you with a dagger.
* * * LOW HITPOINT WARNING * * *
You completely miss Terence.
You pierce Terence, but do no damage.
You squeeze Terence, but do no damage.
Terence is moderately wounded.
You constrict Terence, but do no damage.
Terence hits you with a flail!
Ouch! That really hurt!
You die...

#.#........#
#.#
#.##.......#
#.# #
######### #.#
#.# #.# #.#
#.#
#######.###.#
#...@@......#
#.##g##.#.###
#. #.#.# #.
#.# # #. ..#
.. .## ## .


You could see Terence and a goblin.

Vanquished Creatures
  An ooze (D:1)
  A worm (D:2)
  A dart slug (D:1)
  A ball python (D:1)
  5 bats
  A goblin (D:1)
  A hobgoblin (D:1)
  A kobold (D:1)
12 creatures vanquished.

Notes
Turn   | Place    | Note
--------------------------------------------------------------
     0 | D:1      | Nordron the Octopode Transmuter began the quest for the Orb.
     0 | D:1      | Reached XP level 1. HP: 13/13 MP: 3/3
   199 | D:1      | Reached XP level 2. HP: 5/18 MP: 3/5
   698 | D:2      | Noticed Terence
   708 | D:2      | Mangled by Terence

Skill      XL: |  1  2 |
---------------+-------+-----
Transmutations | 3 |  3.3
Fighting       | |  1.0
Dodging        | |  2.0
Unarmed Combat | |  3.0
Spellcasting   | |  2.0

Action                   || total
-------------------------++-------
Melee: Unarmed           ||    40
       Kick              ||     8
       Constrict         ||     7
       Tentacles         ||     6
 Cast: Beastly Appendage ||    10
  Use: Scroll            ||     3
 Stab: Sleeping          ||     4
Armor: Skin              ||     8
Dodge: Dodged            ||    16
